 Dungeon Crawl Stone Soup version 0.24-a0-439-g6dd8730de2 (webtiles) character file.

Game seed: 4918534539149350803

28 ivs the Vexing (level 2, 0/15 HPs)
             Began as a Deep Elf Enchanter on June 17, 2019.
             Slain by a quokka (2 damage)
             ... on level 2 of the Dungeon.
             The game lasted 00:05:58 (556 turns).

ivs the Vexing (Deep Elf Enchanter)                  Turns: 556, Time: 00:05:59

Health: 0/15       AC:  4    Str:  5    XL:     2   Next: 96%
Magic:  0/8        EV: 13    Int: 19    God:
Gold:   21         SH:  0    Dex: 15    Spells: 4/7 levels left

rFire    . . .     SeeInvis .   a - +1 dagger
rCold    . . .     Gourm    .   (no shield)
rNeg     . . .     Faith    .   b - +0 robe
rPois    .         Spirit   .   g - +0 helmet
rElec    .         Reflect  .   c - +0 cloak (curse)
rCorr    +         Harm     .   (no gloves)
MR       .....                  (no boots)
Stlth    +++.......             (no amulet)
HPRegen  0.05/turn              C - ring of resist corrosion
MPRegen  0.11/turn              (no ring)

@: no status effects
A: no striking features
a: no special abilities


You were on level 2 of the Dungeon.
You were not hungry.

You visited 1 branch of the dungeon, and saw 3 of its levels.

You collected 21 gold pieces.

Inventory:

Hand Weapons
 a - a +1 dagger (weapon)
Armour
 b - a +0 robe (worn)
 c - a cursed +0 cloak (worn)
 g - a +0 helmet (worn)
Jewellery
 C - a ring of resist corrosion (left hand)
Scrolls
 f - 2 scrolls of identify {unknown}
 i - 3 scrolls of remove curse {unknown}
 k - 2 scrolls of random uselessness {unknown}
Potions
 e - a potion of cancellation {unknown}
 h - a potion of brilliance {unknown}
 j - a potion of lignification {unknown}
 l - a potion of haste {unknown}
Comestibles
 d - 3 rations


   Skills:
 - Level 1.2 Short Blades
 - Level 2.4 Dodging
 + Level 4.1 Stealth
 - Level 3.0 Spellcasting
 * Level 4.9 Hexes
 + Level 0.7 Ice Magic


You had 4 spell levels left.
You knew the following spells:

 Your Spells              Type           Power        Failure   Level  Hunger
a - Corona                Hex            ###....      1%          1    None
h - Ensorcelled Hibernat  Hex/Ice        ##....       8%          2    ##.....

Your spell library contained the following spells:

 Spells                   Type           Power        Failure   Level  Hunger
 Confuse                  Hex            ###.....     6%          3    ###....
 Tukima's Dance           Hex            ###.....     6%          3    ###....
 Dazzling Spray           Conj/Hex       ##....       17%         3    ###....


Dungeon Overview and Level Annotations

Branches:
Dungeon (3/15)

Altars:


Message History

The quokka bites you.
* * * LOW HITPOINT WARNING * * *
You hit the quokka.
The quokka is almost dead.
The quokka stops glowing.
The quokka bites you.
* * * LOW HITPOINT WARNING * * *
You barely miss the quokka.
The quokka is almost dead.
The quokka closely misses you.
You closely miss the quokka.
The quokka is almost dead.
The quokka bites you but does no damage.
Casting: Corona (safe; 1% risk of failure)
Confirm with . or Enter, or press ? or * to list all spells.
Aiming: Ensorcelled Hibernation (safe; 8% risk of failure)
Press: ? - help, Shift-Dir - straight line, f/p - quokka
Aim: a quokka (almost dead, chance to defeat MR: 62%)
The quokka resists with significant effort.
The quokka bites you.
You die...

...... ...... ..#.#
##.... #.#.# #.... #...#
#.... #..# ....## # #..#
#. .... ... #..#####.
... ##
.....###.....##'#######.
#..@.>.........##...
#..r...........##...
#......##......##..(
#......##......####'
#......##......####.
..........g.....+..#.
.................##.#.
...####..........##.#.
.........##.#r


You could see a quokka.

Vanquished Creatures
  2 adders
  A leopard gecko (D:1)
  A giant cockroach (D:3)
  A hobgoblin (D:1)
  A kobold (D:1)
  A bat (D:1)
  A goblin (D:2)
  2 rats
10 creatures vanquished.

Notes
Turn   | Place    | Note
-------+----------+-------------------------------------------
     0 | D:1      | ivs the Deep Elf Enchanter began the quest for the Orb.
     0 | D:1      | Reached XP level 1. HP: 10/10 MP: 6/6
   479 | D:3      | Noticed an orc wizard
   511 | D:3      | Reached XP level 2. HP: 9/15 MP: 6/8
   515 | D:3      | Learned a level 2 spell: Ensorcelled Hibernation
   556 | D:2      | Slain by a quokka

Levels and vault maps discovered:
D:1:      moated_graveyard_arrival, layout_basic, minmay_misc_feat_nine_boxes
D:2:      layout_basic, lemuel_old_faithful
D:3:      layout_rooms, gammafunk_temple_overflow_arena,
          chequers_ecumenical_altar_simple

Skill      XL: |  1  2 |
---------------+-------+-----
Stealth        | 4 |  4.1
Short Blades   | |  1.2
Dodging        | |  2.4
Spellcasting   | |  3.0
Hexes          | |  4.9
Ice Magic      | |  0.7

Action                   || total
-------------------------++-------
Melee: Dagger            ||    53
 Cast: Corona            ||    11
       Ensorcelled Hiber ||     4
 Stab: Sleeping          ||     2
Armor: Robe              ||     5
Dodge: Dodged            ||    44

Table legend:
 A = Non-vault XP
 B = Vault XP
 C = Vault XP percentage of total XP
 D = Non-vault monster count
 E = Vault monster count
 F = Vault count percentage of total count
                 A         B        C        D         E       F
            +---------+---------+-------+---------+---------+-------
      Total |      40 |       0 |   0.0 |      10 |       0 |   0.0
            +---------+---------+-------+---------+---------+-------
        D:1 |       9 |       0 |   0.0 |       5 |       0 |   0.0
        D:2 |      16 |       0 |   0.0 |       3 |       0 |   0.0
        D:3 |      15 |       0 |   0.0 |       2 |       0 |   0.0
            +---------+---------+-------+---------+---------+-------
